 Dungeon Crawl Stone Soup version 0.31.0-12-g77e489cdc1 (webtiles) character file.

Game seed: 15743974831878687597

1396 112233 the Thaumaturge (level 8, -5/52 HPs)
             Began as a Mummy Necromancer on Feb 18, 2024.
             Was an Initiate of Gozag.
             Killed by divine providence
             ... invoked by an orc priest
              (15 damage)
             ... on level 6 of the Dungeon.
             The game lasted 00:06:58 (6033 turns).

112233 the Thaumaturge (Mummy Necromancer)          Turns: 6033, Time: 00:06:59

Health: -5/52      AC:  4    Str: 11    XL:     8   Next: 41%
Magic:  3/23       EV: 12    Int: 22    God:    Gozag
Gold:   796        SH:  0    Dex: 13    Spells: 21/30 levels left

rFire   . . .        s - +2 dagger (venom)
rCold   . . .        (no shield)
rNeg    + + +        a - +0 robe
rPois   ∞            q - +0 helmet
rElec   .            c - scarf {repulsion}
rCorr   .            t - +0 pair of gloves
SInv    .            (no boots)
Will    +....        (no amulet)
Stlth   ++           g - +6 ring of intelligence
HPRegen 0.28/turn    m - ring of fire
MPRegen 0.18/turn

%: repel missiles, faith
@: about to teleport, gold aura
A: cold resistance 1, negative energy resistance 3, torment resistance 2, heat
vulnerability 1, in touch with death 1, no potions, faith
a: Renounce Religion, Potion Petition, Call Merchant, Bribe Branch


You were on level 6 of the Dungeon.
You worshipped Gozag.
Gozag was pleased with you.
You visited 1 branch of the dungeon, and saw 6 of its levels.

You collected 824 gold pieces.
You paid 28 gold pieces to Gozag.

Inventory:

Hand Weapons
 f - a +2 dagger of venom
 s - a +2 dagger of venom (weapon)
Missiles
 b - 16 poisoned darts
Armour
 a - a +0 robe (worn)
 c - a scarf of repulsion (worn)
 i - a +0 cloak
 j - the +2 leather armour of Ciros {+Blink rF++ Will- Dex+2}
   (You found it on level 2 of the Dungeon)

   Dex+2:     It affects your dexterity (+2).
   rF++:      It greatly protects you from fire.
   Will-:     It decreases your willpower.
   +Blink:    It lets you blink.
 q - a +0 helmet (worn)
 t - a +0 pair of gloves (worn)
Magical Staves
 v - a staff of conjuration
Jewellery
 g - a +6 ring of intelligence (left hand)
 m - a ring of fire (right hand)
 p - a ring of ice
Wands
 x - a wand of charming (12)
Scrolls
 d - 4 scrolls of enchant weapon
 e - 10 scrolls of identify {unknown}
 k - 2 scrolls of noise {unknown}
 l - a scroll of poison {unknown}
 n - 2 scrolls of immolation {unknown}
 r - a scroll of brand weapon {unknown}
 u - a scroll of fear {unknown}
 w - a scroll of vulnerability {unknown}


   Skills:
 - Level 1.8 Dodging
 - Level 1.8 Stealth
 + Level 11.6 Spellcasting
 * Level 5.4 Necromancy


You had 21 spell levels left.
You knew the following spells:

 Your Spells              Type           Power      Damage    Failure   Level
a - Necrotise             Necr           100%       1d9       1%          1
b - Vampiric Draining     Necr           53%        2d9       1%          3
c - Curse of Agony        Necr           53%        N/A       16%         5

Your spell library contained the following spells:

 Spells                   Type           Power      Damage    Failure   Level
 Cigotuvi's Dreadful Rot  Necr/Alch/Air  62%        N/A       3%          2
 Slow                     Hex            48%        N/A       4%          1
 Dispel Undead            Necr           53%        3d19      5%          4
 Confusing Touch          Hex            12%        N/A       16%         3
 Inner Flame              Hex/Fire       19%        N/A       16%         3
 Sigil of Binding         Hex            12%        N/A       16%         3
 Martyr's Knell           Necr/Summ      37%        N/A       17%         4
 Flame Wave               Conj/Fire      19%        2d7       45%         4
 Sticky Flame             Fire/Alch      19%        2d6       45%         4
 Death Channel            Necr           26%        N/A       63%         6
 Summon Forest            Summ/Tloc      6%         N/A       80%         5
 Summon Mana Viper        Hex/Summ       12%        N/A       80%         5
 Summon Cactus Giant      Summ           6%         N/A       100%        6
 Animate Dead             Necr           Unusable   N/A       N/A         4

Dungeon Overview and Level Annotations

Branches:
Dungeon (6/15)
 Temple: D:4-7

Altars:
Gozag
Ru
Trog


Innate Abilities, Weirdness & Mutations

You are immune to poison.
Your flesh is cold resistant. (rC+)
You are immune to negative energy. (rN+++)
You are immune to unholy pain and torment.
You are vulnerable to heat. (rF-)
You are in touch with the powers of death.
You do not drink.
You have a special connection with the divine. (Faith)


Message History

You hear a bark!
The orc warrior is no longer distracted by gold.
The orc priest calls down the wrath of Beogh upon you.
Beogh smites you!
The orc warrior hits you with a +0 trident!
* * * LOW HITPOINT WARNING * * *
The ogre closely misses you.
Casting: Vampiric Draining (safe; 1% risk of failure)
Confirm with . or Enter, or press ? or * to list all spells.
Aiming: Vampiric Draining (safe; 1% risk of failure)
Press: ? - help, Shift-Dir - straight line, f/p - ogre
Aim: an ogre, wielding a +0 giant club (almost dead)
You feel a surge of power!
You draw life force from the ogre!
You kill the ogre!
You feel life coursing into your body.
The orc warrior is distracted by your dazzling golden aura.
Unknown command.
Unknown command.
As you read the scroll of teleportation, it crumbles to dust.
You feel strangely unstable. Something hits you.
* * * LOW HITPOINT WARNING * * *
Something shocks you.
* * * LOW HITPOINT WARNING * * *
A hound comes into view.
The orc priest miscasts a cantrip.
The orc warrior shouts!
Unknown command.
Casting: Vampiric Draining (safe; 1% risk of failure)
Confirm with . or Enter, or press ? or * to list all spells.
Aiming: Vampiric Draining (safe; 1% risk of failure)
Press: ? - help, Shift-Dir - straight line, f - orc priest
Aim: an orc priest, wielding a +0 flail You feel a surge of power!
You draw life force from the orc priest!
You feel life coursing into your body!
The orc warrior is no longer distracted by gold.
The orc priest invokes the aid of Beogh against you.
Beogh smites you!
You die...
Your body crumbles into a pile of gold.

###################
###...##.............
###......##.......#....
##........#.....#...o..#.
#.....###..)..#.....#.o..
....### ##.).#....#....#
..### #.#...#h..# .##
##....#oo#..# ##
#..#.#$#@#.#.# #
####.##{##O# .# ##.### ##
# #.## ##[# ### ### ##
#.# #. ##.# #. ##..# #.


You could see an orc warrior, a hound and an orc priest.

Vanquished Creatures
  A water moccasin (D:5)
  A sky beast (D:6)
  A black bear (D:5)
  An ogre (D:6)
  A phantom (D:6)
  A kobold brigand (D:5)
  A scorpion (D:5)
  A howler monkey (D:4)
  A bombardier beetle (D:6)
  9 hounds
  3 gnoll boudas
  A sleepcap (D:6)
  2 iguanas
  Robin (D:4)
  12 adders
  6 gnolls
  2 river rats (D:5)
  2 white imps (D:6)
  3 ufetubi (D:6)
  A dart slug (D:4)
  6 orcs
  7 ball pythons
  3 endoplasms
  3 giant cockroaches
  12 goblins
  10 hobgoblins
  3 quokkas
  4 bats
  2 frilled lizards
  10 kobolds
  8 rats
119 creatures vanquished.

Vanquished Creatures (collateral kills)
  A ball python (D:1)
  An endoplasm (D:3)
  A frilled lizard (D:2)
3 creatures vanquished.

Grand Total: 122 creatures vanquished

Notes
Turn   | Place    | Note
-------+----------+-------------------------------------------
     0 | D:1      | 112233 the Mummy Necromancer began the quest for the Orb.
     0 | D:1      | Reached XP level 1. HP: 13/13 MP: 4/4
   377 | D:1      | Reached XP level 2. HP: 19/19 MP: 1/5
   382 | D:1      | Reached skill level 3 in Spellcasting
  1023 | D:2      | Reached XP level 3. HP: 24/24 MP: 4/8
  1027 | D:2      | Learned a level 3 spell: Vampiric Draining
  1112 | D:2      | Reached skill level 4 in Spellcasting
  1360 | D:2      | Identified the +2 leather armour of Ciros {+Blink rF++
                  | Will- Dex+2}
  1879 | D:3      | Reached XP level 4. HP: 30/30 MP: 5/10
  1922 | D:3      | Reached skill level 5 in Spellcasting
  2250 | D:3      | Found an opulent altar of Gozag.
  2271 | D:3      | Became a worshipper of Gozag Ym Sagoz the Greedy
  2289 | D:3      | Found a bloodstained altar of Trog.
  2750 | D:4      | Reached skill level 6 in Spellcasting
  2750 | D:4      | Reached XP level 5. HP: 26/35 MP: 3/13
  3077 | D:4      | Noticed Robin
  3082 | D:4      | Killed Robin
  3503 | D:4      | Reached skill level 7 in Spellcasting
  3675 | D:4      | Learned a level 5 spell: Curse of Agony
  3694 | D:5      | Entered Level 5 of the Dungeon
  3703 | D:5      | Reached XP level 6. HP: 35/41 MP: 10/16
  3849 | D:5      | Reached skill level 8 in Spellcasting
  4095 | D:5      | HP: 2/41 [phantom (3)]
  4102 | D:5      | Noticed a water moccasin
  4108 | D:5      | Killed a water moccasin
  4109 | D:5      | Reached skill level 9 in Spellcasting
  4109 | D:5      | Reached XP level 7. HP: 17/46 MP: 0/19
  4320 | D:5      | Reached skill level 10 in Spellcasting
  4872 | D:5      | Found a sacrificial altar of Ru.
  5281 | D:6      | Reached skill level 11 in Spellcasting
  5281 | D:6      | Reached XP level 8. HP: 42/52 MP: 19/23
  5890 | D:6      | Reached skill level 5 in Necromancy
  6033 | D:6      | Killed from afar by an orc priest

Illustrated notes

Levels and vault maps discovered:
D:1:      minmay_arrival_three_doors, layout_loops_cross, minmay_tetromino_l2
D:2:      layout_loops_cross
D:3:      layout_loops_ring, overflow_temple_1_default,
          nicolae_overflow_crystal_walls
D:4:      layout_loops_corners, uniq_robin
D:5:      kennysheep_spiral_hall, layout_cave_pools,
          chequers_temple_overflow_statue_of_worship, portal_sewer_entry_e
D:6:      layout_rooms, serial_curves, eino_curves_04, eino_curves_01,
          corexii_corridor_pit, minmay_increasing_density

Skill      XL: |  1  2  3  4  5  6  7  8 |
---------------+-------------------------+-----
Spellcasting   | 3 4 6 7 9 11 | 11.6
Necromancy     | 5 |  5.4
Dodging        | |  1.8
Stealth        | |  1.8

Action                     |  1- 3 |  4- 6 |  7- 9 || total
---------------------------+-------+-------+-------++-------
  Melee: Dagger            |     4 |    20 |    69 ||    93
         Punch             |       |     1 |       ||     1
   Cast: Necrotise         |    62 |    89 |    60 ||   211
         Vampiric Draining |       |     9 |    25 ||    34
  Evoke: Wand              |       |     1 |     9 ||    10
    Use: Scroll            |       |     2 |     1 ||     3
 Armour: Robe              |     7 |    62 |    80 ||   149
  Dodge: Dodged            |    12 |    40 |    77 ||   129
         Repelled          |       |       |     1 ||     1
